 Dungeon Crawl Stone Soup version 0.13-a0-2600-g811f1de (webtiles) character file.

156 HexAgony the Exhumer (level 3, -3/29 HPs)
             Began as a Minotaur Death Knight on July 5, 2013.
             Was a Follower of Yredelemnul.
             Slain by a yak (15 damage)
             ... on Level 4 of the Dungeon on Aug 3, 2013.
             The game lasted 00:08:54 (2116 turns).

HexAgony the Exhumer (Minotaur Death Knight)        Turns: 2116, Time: 00:08:55

HP  -3/29        AC  3     Str 18      XL: 3   Next: 51%
MP   4/4         EV 15     Int  8      God: Yredelemnul [*.....]
Gold 107         SH  5     Dex  9      Spells:  0 memorised,  2 levels left

Res.Fire  : . . .   See Invis. : .   c - +2 dwarf hand axe (venom)
Res.Cold  : . . .   Warding    : .   b - +0 leather armour
Life Prot.: . . .   Conserve   : .   g - +0 orc buckler
Res.Poison: .       Res.Corr.  : .   (helmet restricted)
Res.Elec. : .       Clarity    : .   (no cloak)
Sust.Abil.: . .     Spirit.Shd : .   (no gloves)
Res.Mut.  : .       Stasis     : .   (no boots)
Res.Rott. : .       Flight     : .   (no amulet)
Saprovore : . . .                    (no ring)
                                     d - +5 ring of evasion

@: mildly poisoned, not resistant to hostile enchantments, very unstealthy
A: retaliatory headbutt, horns 2
a: Animate Remains, Renounce Religion


You were on level 4 of the Dungeon.
You worshipped Yredelemnul.
Yredelemnul was most pleased with you.
You were not hungry.

You visited 1 branch of the dungeon, and saw 4 of its levels.

You collected 87 gold pieces.

Inventory:

Hand weapons
 a - a +1,+1 mace
 c - a +2,+2 dwarven hand axe of venom (weapon)
Missiles
 f - a stone (quivered)
Armour
 b - a +0 leather armour (worn)
 g - a +0 orcish buckler (worn)
Comestibles
 j - a meat ration
Scrolls
 e - 4 scrolls of identify
 h - 2 scrolls of remove curse {unknown}
 i - a scroll of random uselessness {unknown}
Jewellery
 d - a +5 ring of evasion (left hand)


   Skills:
 + Level 2.5 Fighting
 + Level 0.5 Axes
 + Level 2.9 Maces & Flails
 + Level 1.9 Armour
 + Level 1.3 Dodging
 + Level 0.3 Stealth
 + Level 3.6 Invocations


You had 2 spell levels left.
You didn't know any spells.

Dungeon Overview and Level Annotations

Branches:
Dungeon (4/27)
 Temple: D:4-7

Altars:


Innate Abilities, Weirdness & Mutations

You reflexively headbutt those who attack you in melee.
You have a pair of horns on your head.


Message History

The adder bites you but does no damage.
A yak comes into view.
The yak bellows!
A yak comes into view.
The yak bellows!
The adder closely misses you.
You feel sick. The adder bites you.
You are more poisoned.
The adder poisons you!
You feel sick. The yak gores you. The yak gores you!
The adder completely misses you. You furiously retaliate!
You headbutt the adder. You hit the adder but do no damage.
The adder is poisoned.
The adder is lightly wounded.
You hit the yak.
The yak is poisoned.
The yak is lightly wounded.
You completely miss the yak. The yak barely misses you. The yak gores you!
Ouch! That really hurt!
You die...
Your body rises from the dead as a mindless zombie.

...................
.....................
......................
.......................
........................
...........<............
........................
.........................
.....Y.Y@................
.......YS................
.....Y.YY................
.........#..........#...
....................##..
..#................#####
#.......##......######
#.....###.......##...#
#...####.........#....


You could see 6 yaks and an adder.

Vanquished Creatures
  3 adders (D:2)
  A worm (D:2)
  3 hobgoblins
  2 kobolds
  A quokka (D:2)
  3 bats
  A giant cockroach (D:4)
  3 giant newts
  2 goblins (D:2)
  A kobold skeleton (D:4)
  2 rats
22 creatures vanquished.

Vanquished Creatures (others)
  An adder zombie (D:2)
  A bat zombie (D:2)
2 creatures vanquished.

Grand Total: 24 creatures vanquished

Notes
Turn   | Place    | Note
--------------------------------------------------------------
     0 | D:1      | HexAgony, the Minotaur Death Knight, began the quest for the Orb.
     0 | D:1      | Reached XP level 1. HP: 17/17 MP: 2/2
   322 | D:1      | Reached skill level 3 in Invocations
   664 | D:2      | Reached XP level 2. HP: 24/24 MP: 3/3
   751 | D:2      | HP: 1/24 [poisoned by an adder]
  1302 | D:2      | Reached XP level 3. HP: 7/29 MP: 4/4
  1852 | D:2      | Upgraded the game from 0.13-a0-2244-g236abbe to 0.13-a0-2600-g811f1de
  1853 | D:2      | You fall through a shaft!
  2109 | D:4      | Noticed a yak
  2109 | D:4      | Noticed a yak
  2109 | D:4      | Noticed a yak
  2110 | D:4      | Noticed a yak
  2111 | D:4      | Noticed a yak
  2112 | D:4      | Noticed a yak
  2116 | D:4      | Slain by a yak

Action                   || total
-------------------------++-------
Melee: Mace              ||    30
       Hand axe          ||    22
Throw: Stone             ||     1
Invok: Animate Remains   ||     6
  Use: Scroll            ||     1
